 Dungeon Crawl Stone Soup version 0.28-a0-1555-g9ae15a6949 (webtiles) character file.

Game seed: 4935904208188095522

6082 sanka the Destroyer (level 10, -3/76 HPs)
             Began as a Gnoll Conjurer on Jan 18, 2022.
             Was an Initiate of Ashenzari.
             Slain by a skeletal warrior (24 damage)
             ... on level 8 of the Dungeon.
             The game lasted 00:20:31 (11323 turns).

sanka the Destroyer (Gnoll Conjurer)               Turns: 11323, Time: 00:20:32

Health: -3/76      AC:  7    Str:  6    XL:     10   Next: 88%
Magic:  10/22      EV: 20    Int: 21    God:    Ashenzari [......]
Gold:   131        SH:  0    Dex: 18    Spells: 11/25 levels left

rFire   . . .      SeeInvis .   a - +1 dagger (elec)
rCold   . . .      Faith    .   (no shield)
rNeg    . . .      Spirit   .   q - +0 robe "Seeker of Ashenzari" {Self, Evo} (curse)
rPois   +          Reflect  .   (no helmet)
rElec   .          Harm     .   z - +2 cloak {rPois}
rCorr   .          Rampage  .   (no gloves)
Will    .....                   s - +0 pair of boots
Stlth   ++++......              (no amulet)
HPRegen 0.22/turn               v - +4 ring of evasion
MPRegen 0.18/turn               r - +6 ring of dexterity

@: no status effects
A: fangs 1, strong nose, distributed training
a: Renounce Religion, Shatter the Chains


You were on level 8 of the Dungeon.
You worshipped Ashenzari.
Ashenzari was noncommittal.
You visited 2 branches of the dungeon, and saw 9 of its levels.

You collected 352 gold pieces.
You spent 221 gold pieces at shops.


Innate Abilities, Weirdness & Mutations

You have very sharp teeth.
Your uncanny sense of smell can sniff out nearby items.
Your experience applies equally to all skills.


   Skills:
 + Level 5.7(6.1) Fighting
 + Level 5.7 Short Blades
 + Level 5.7 Long Blades
 + Level 5.7 Axes
 + Level 5.7 Maces & Flails
 + Level 5.7 Polearms
 + Level 5.7 Staves
 + Level 5.7 Slings
 + Level 5.7 Bows
 + Level 5.7 Crossbows
 + Level 5.7 Throwing
 + Level 5.7 Armour
 + Level 7.4 Dodging
 + Level 7.1 Stealth
 + Level 5.7 Shields
 + Level 5.7 Unarmed Combat
 + Level 7.6(8.1) Spellcasting
 + Level 8.6 Conjurations
 + Level 4.7 Hexes
 + Level 4.7 Summonings
 + Level 4.7 Necromancy
 + Level 4.7 Translocations
 + Level 4.7 Transmutations
 + Level 4.7 Fire Magic
 + Level 4.7 Ice Magic
 + Level 4.7 Air Magic
 + Level 4.7 Earth Magic
 + Level 4.7 Poison Magic
 + Level 6.2 Invocations
 + Level 5.7(6.1) Evocations


You had 11 spell levels left.
You knew the following spells:

 Your Spells              Type           Power      Damage    Failure   Level
c - Mephitic Cloud        Conj/Pois/Air  33%        N/A       1%          3
x - Searing Ray           Conj           88%        2d7       1%          2
z - Magic Dart            Conj           100%       1d8       1%          1
X - Freezing Cloud        Conj/Ice/Air   16%        6-21      19%         5
Z - Ignite Poison         Fire/Tmut/Pois 28%        N/A       3%          3

Your spell library contained the following spells:

 Spells                   Type           Power      Damage    Failure   Level
 Foxfire                  Conj/Fire      100%       2x1d9     1%          1
 Conjure Flame            Conj/Fire      36%        6-21      1%          3
 Dazzling Flash           Conj/Hex       72%        N/A       1%          3
 Call Canine Familiar     Summ           28%        N/A       3%          3
 Inner Flame              Hex/Fire       28%        N/A       3%          3
 Portal Projectile        Hex/Tloc       56%        N/A       3%          3
 Flame Wave               Conj/Fire      36%        2d7       4%          4
 Fulminant Prism          Conj/Hex       18%        3d11      4%          4
 Iskenderun's Mystic Bla  Conj/Tloc      36%        2d9       4%          4
 Cause Fear               Hex            14%        N/A       11%         4
 Leda's Liquefaction      Hex/Erth       14%        N/A       11%         4
 Dragon Form              Tmut           14%        N/A       100%        7
 Dragon's Call            Summ           14%        N/A       100%        9

Inventory:

Hand Weapons
 a - a +1 dagger of electrocution (weapon)
 b - a +5 long sword
 j - a +0 long sword
 D - a +0 dagger of venom
Missiles
 A - 7 curare-tipped darts {=f}
Armour
 q - the cursed +0 robe "Seeker of Ashenzari" (worn) {Self, Evo}

   It has a curse which improves the following skills: Introspection: Fighting
   and Spellcasting.
   Evocations: Evocations.
 s - a +0 pair of boots (worn)
 z - a +2 cloak of poison resistance (worn)
Jewellery
 r - a +6 ring of dexterity (right hand)
 v - a +4 ring of evasion (left hand)
 w - a ring of positive energy
Wands
 n - a wand of polymorph (14)
 x - a wand of acid (13)
 y - a wand of paralysis (12)
 E - a wand of charming (8)
Scrolls
 c - 5 scrolls of vulnerability {unknown}
 d - 5 scrolls of teleportation {@r4}
 e - 7 scrolls of identify {unknown}
 f - 3 scrolls of enchant armour {unknown}
 h - 3 scrolls of fog {unknown}
 m - 6 scrolls of immolation {unknown}
 o - 2 scrolls of noise {unknown}
 u - 3 scrolls of fear {unknown}
 C - a scroll of blinking {unknown}
Potions
 g - a potion of attraction {unknown}
 i - 3 potions of heal wounds {unknown}
 k - 3 potions of magic {unknown}
 l - 4 potions of mutation {unknown}
 p - 2 potions of resistance {unknown}
 t - 2 potions of curing {@q1}
 B - a potion of haste {unknown}

Dungeon Overview and Level Annotations

Branches:
Dungeon (8/15)             Temple (1/1) D:5            Lair (0/6) D:8

Altars:
Ashenzari
Cheibriados
Dithmenos
Elyvilon
Fedhas
Gozag
Hepliaklqana
Kikubaaqudgha
Makhleb
Nemelex Xobeh
Okawaru
Qazlal
Ru
Sif Muna
Trog
Uskayaw
Vehumet
Wu Jian
Xom
Yredelemnul
Zin
The Shining One

Shops:
D:2 *   D:5 ((   D:7 *

Portals:
Abyss: D:6

Annotations:
D:3 3 runed translucent doors, ThreePoint314's ghost, amateur DsIE
D:6 2 transporters, Protee's ghost, novice DDNe
D:8 1 runed translucent door

▒.▒
▒.......▒∆
▒.▒
▒▒......▒
▒.▒
▒▒.)..).▒
▒.▒
▒▒...▒▒)▒▒
▒.▒
▒...▒▒..▒
▒.▒
▒▒§.▒▒..▒▒
▒.▒
▒▒☼▒▒▒▒.▒
▒.▒ ▒z.▒
.. ▒.▒
▒▒g▒▒ ...
▒.▒ ▒..▒
... ▒.▒
▒.▒▒▒...
▒.▒ ▒)▒
▒.▒ ▒)▒
▒.▒ ▒▒.▒
▒.▒ ▒..▒
▒.▒ ▒▒.▒▒
▒.▒ ▒..▒


You could see a skeletal warrior.


Message History

There is an open translucent door here.
Things that are here:
a +0 dire flail; a +0 dire flail You can't see any susceptible monsters within range! (Use Z to cast anyway.)
Aiming: Mephitic Cloud (safe; 1% risk of failure)
The ball explodes into a vile cloud!
The stinking cloud engulfs the skeletal warrior but does no damage.
You hear a loud, deep croak!
The skeletal warrior hits you with a +0 war axe!!
Unknown command.
Unknown command.
You ignite the poison in your surroundings!
The skeletal warrior is engulfed in blazing flames.
The skeletal warrior hits you with a +0 war axe!!
* * * LOW HITPOINT WARNING * * *
Unknown command.
Unknown command.
Aiming: Searing Ray (safe; 1% risk of failure)
Aim: a skeletal warrior, wielding a +0 war axe and wearing the +1 scale mail of Awe {rN+++ Str+5 Dex-5} (flame, lightly damaged, 84% to hit)
The searing ray hits the skeletal warrior but does no damage.
The skeletal warrior is lightly damaged. (Press . to maintain the ray.)
The skeletal warrior is engulfed in blazing flames.
The skeletal warrior hits you with a +0 war axe.
* * * LOW HITPOINT WARNING * * *
Unknown command.
The searing ray hits the skeletal warrior but does no damage.
The skeletal warrior is moderately damaged.
The skeletal warrior hits you with a +0 war axe!!
You die...

Action                   |  1- 3 |  4- 6 |  7- 9 | 10-12 || total
-------------------------+-------+-------+-------+-------++-------
Melee: Unarmed           |    11 |       |       |       ||    11
       Bite              |     1 |       |    16 |     4 ||    21
       Dagger            |       |     3 |   126 |    16 ||   145
       Punch             |       |       |     1 |     2 ||     3
       Long sword        |       |       |       |     1 ||     1
 Cast: Magic Dart        |    64 |    84 |   147 |    53 ||   348
       Searing Ray       |       |    13 |    28 |    25 ||    66
       Mephitic Cloud    |       |       |       |     5 ||     5
       Ignite Poison     |       |       |       |     3 ||     3
Invok: Curse Item        |       |       |     1 |       ||     1
 Stab: Sleeping          |       |       |     1 |       ||     1
Armor: Robe              |     4 |     4 |    26 |     3 ||    37
Dodge: Dodged            |     8 |    18 |   150 |    51 ||   227

Levels and vault maps discovered:
D:1:      dpeg_arrival_leaves_temple_mockup, layout_basic,
          shapermc_ecumenical_altar_venn, dk_noncrumbling_3,
          minmay_indecisive_spiral
D:2:      layout_loops_ring, serial_shops,
          nicolae_shop_temple_entry_statues_fountains
D:3:      layout_rooms, gammafunk_ghost_nasty_kobolds, uniq_terence
D:4:      layout_rooms, cheibrodos_gnoll_hut, uniq_natasha, uniq_sigmund
D:5:      layout_basic, minmay_temple_entry_tees, serial_shops,
          nicolae_shop_hallway_stairs, shop
D:6:      layout_rooms, gammafunk_ghost_abyssal_escape
D:7:      layout_loops_cross, nicolae_ru_the_path_less_chosen,
          guppyfry_shop_venom
D:8:      cheibrodos_histonic, layout_basic, grunt_lair_entry_orc_guard_hut
Temple:   mainiacjoe_temple_circle_huts

Notes
Turn   | Place    | Note
-------+----------+-------------------------------------------
     0 | D:1      | sanka the Gnoll Conjurer began the quest for the Orb.
     0 | D:1      | Reached XP level 1. HP: 13/13 MP: 6/6
   162 | D:1      | Found a faded altar of an unknown god.
   190 | D:1      | Reached XP level 2. HP: 19/19 MP: 4/7
   587 | D:1      | Reached XP level 3. HP: 25/25 MP: 3/9
   658 | D:1      | Reached skill level 5 in Spellcasting
  1505 | D:2      | Learned a level 2 spell: Searing Ray
  1522 | D:2      | Reached skill level 1 in Invocations
  1571 | D:2      | Reached skill level 1 in Fighting
  1571 | D:2      | Reached skill level 1 in Short Blades
  1571 | D:2      | Reached skill level 1 in Long Blades
  1571 | D:2      | Reached skill level 1 in Axes
  1571 | D:2      | Reached skill level 1 in Maces & Flails
  1571 | D:2      | Reached skill level 1 in Polearms
  1571 | D:2      | Reached skill level 1 in Staves
  1571 | D:2      | Reached skill level 1 in Slings
  1571 | D:2      | Reached skill level 1 in Bows
  1571 | D:2      | Reached skill level 1 in Crossbows
  1571 | D:2      | Reached skill level 1 in Throwing
  1571 | D:2      | Reached skill level 1 in Armour
  1571 | D:2      | Reached skill level 1 in Shields
  1571 | D:2      | Reached skill level 1 in Unarmed Combat
  1571 | D:2      | Reached skill level 1 in Evocations
  1673 | D:2      | Found Afukha's Assorted Antiques.
  1680 | D:2      | Reached XP level 4. HP: 32/32 MP: 8/11
  2439 | D:3      | Found a runed translucent gate.
  2439 | D:3      | Found a runed translucent gate.
  2439 | D:3      | Found a runed translucent gate.
  2439 | D:3      | Noticed ThreePoint314's ghost (amateur DsIE)
  2448 | D:3      | Noticed Terence
  2449 | D:3      | Noticed a kobold brigand
  2472 | D:3      | Reached skill level 1 in Hexes
  2472 | D:3      | Reached skill level 1 in Summonings
  2472 | D:3      | Reached skill level 1 in Necromancy
  2472 | D:3      | Reached skill level 1 in Translocations
  2472 | D:3      | Reached skill level 1 in Transmutations
  2472 | D:3      | Reached skill level 1 in Fire Magic
  2472 | D:3      | Reached skill level 1 in Ice Magic
  2472 | D:3      | Reached skill level 1 in Air Magic
  2472 | D:3      | Reached skill level 1 in Earth Magic
  2472 | D:3      | Reached skill level 1 in Poison Magic
  2608 | D:3      | Killed Terence
  2609 | D:3      | Reached XP level 5. HP: 37/37 MP: 7/12
  3360 | D:3      | Identified the +0 scale mail "Xoump" {Str+2}
  3607 | D:4      | Noticed Sigmund
  3616 | D:4      | Noticed a kobold brigand
  3821 | D:3      | Killed a kobold brigand
  3822 | D:3      | Reached skill level 2 in Invocations
  3822 | D:3      | Reached XP level 6. HP: 9/44 MP: 5/14
  3826 | D:3      | HP: 4/44 [poisoned by a kobold brigand]
  4132 | D:4      | Reached skill level 2 in Fighting
  4132 | D:4      | Reached skill level 2 in Short Blades
  4132 | D:4      | Reached skill level 2 in Long Blades
  4132 | D:4      | Reached skill level 2 in Axes
  4132 | D:4      | Reached skill level 2 in Maces & Flails
  4132 | D:4      | Reached skill level 2 in Polearms
  4132 | D:4      | Reached skill level 2 in Staves
  4132 | D:4      | Reached skill level 2 in Slings
  4132 | D:4      | Reached skill level 2 in Bows
  4132 | D:4      | Reached skill level 2 in Crossbows
  4132 | D:4      | Reached skill level 2 in Throwing
  4132 | D:4      | Reached skill level 2 in Armour
  4132 | D:4      | Reached skill level 5 in Dodging
  4132 | D:4      | Reached skill level 2 in Shields
  4132 | D:4      | Reached skill level 2 in Unarmed Combat
  4132 | D:4      | Reached skill level 2 in Evocations
  4327 | D:4      | Reached XP level 7. HP: 45/50 MP: 11/15
  4431 | D:4      | Killed Sigmund
  4432 | D:4      | Reached skill level 5 in Stealth
  4432 | D:4      | Reached skill level 2 in Hexes
  4432 | D:4      | Reached skill level 2 in Summonings
  4432 | D:4      | Reached skill level 2 in Necromancy
  4432 | D:4      | Reached skill level 2 in Translocations
  4432 | D:4      | Reached skill level 2 in Transmutations
  4432 | D:4      | Reached skill level 2 in Fire Magic
  4432 | D:4      | Reached skill level 2 in Ice Magic
  4432 | D:4      | Reached skill level 2 in Air Magic
  4432 | D:4      | Reached skill level 2 in Earth Magic
  4432 | D:4      | Reached skill level 2 in Poison Magic
  4551 | D:4      | Reached skill level 3 in Invocations
  4817 | D:4      | Identified the +1 scale mail of Pamog {rPois rF- rN+
                  | Regen+}
  5000 | D:4      | Noticed Natasha
  5012 | D:4      | Killed Natasha
  5013 | D:4      | Reached XP level 8. HP: 38/57 MP: 7/16
  5133 | D:4      | Noticed Natasha
  5143 | D:4      | Killed Natasha
  5367 | D:5      | Entered Level 5 of the Dungeon
  5396 | D:5      | Found Hemu Fua's Antique Weapon Boutique.
  5432 | D:5      | Reached skill level 3 in Fighting
  5432 | D:5      | Reached skill level 3 in Short Blades
  5432 | D:5      | Reached skill level 3 in Long Blades
  5432 | D:5      | Reached skill level 3 in Axes
  5432 | D:5      | Reached skill level 3 in Maces & Flails
  5432 | D:5      | Reached skill level 3 in Polearms
  5432 | D:5      | Reached skill level 3 in Staves
  5432 | D:5      | Reached skill level 3 in Slings
  5432 | D:5      | Reached skill level 3 in Bows
  5432 | D:5      | Reached skill level 3 in Crossbows
  5432 | D:5      | Reached skill level 3 in Throwing
  5432 | D:5      | Reached skill level 3 in Armour
  5432 | D:5      | Reached skill level 3 in Shields
  5432 | D:5      | Reached skill level 3 in Unarmed Combat
  5432 | D:5      | Reached skill level 3 in Evocations
  5529 | D:5      | Reached skill level 6 in Spellcasting
  5701 | D:5      | Found a staircase to the Ecumenical Temple.
  5746 | Temple   | Entered the Ecumenical Temple
  6382 | D:5      | Found Ublewk's Weapon Shoppe.
  6850 | Temple   | Became a worshipper of Ashenzari the Shackled
  7041 | D:6      | Reached skill level 4 in Invocations
  7090 | D:6      | Reached skill level 3 in Hexes
  7090 | D:6      | Reached skill level 3 in Summonings
  7090 | D:6      | Reached skill level 3 in Necromancy
  7090 | D:6      | Reached skill level 3 in Translocations
  7090 | D:6      | Reached skill level 3 in Transmutations
  7090 | D:6      | Reached skill level 3 in Fire Magic
  7090 | D:6      | Reached skill level 3 in Ice Magic
  7090 | D:6      | Reached skill level 3 in Air Magic
  7090 | D:6      | Reached skill level 3 in Earth Magic
  7090 | D:6      | Reached skill level 3 in Poison Magic
  7104 | D:6      | Reached skill level 6 in Dodging
  7460 | D:6      | Found a transporter.
  7474 | D:6      | Noticed an ancient zyme
  7480 | D:6      | Noticed Protee's ghost (novice DDNe)
  7494 | D:6      | Found a one-way gate to the infinite horrors of the Abyss.
  7520 | D:6      | Found a transporter.
  7572 | D:7      | Noticed a wyvern
  7578 | D:7      | Killed a wyvern
  7579 | D:7      | Reached XP level 9. HP: 65/65 MP: 10/18
  7670 | D:7      | Learned a level 3 spell: Mephitic Cloud
  7674 | D:7      | Learned a level 3 spell: Ignite Poison
  7680 | D:7      | Learned a level 5 spell: Freezing Cloud
  7793 | D:7      | Reached skill level 4 in Fighting
  7793 | D:7      | Reached skill level 4 in Short Blades
  7793 | D:7      | Reached skill level 4 in Long Blades
  7793 | D:7      | Reached skill level 4 in Axes
  7793 | D:7      | Reached skill level 4 in Maces & Flails
  7793 | D:7      | Reached skill level 4 in Polearms
  7793 | D:7      | Reached skill level 4 in Staves
  7793 | D:7      | Reached skill level 4 in Slings
  7793 | D:7      | Reached skill level 4 in Bows
  7793 | D:7      | Reached skill level 4 in Crossbows
  7793 | D:7      | Reached skill level 4 in Throwing
  7793 | D:7      | Reached skill level 4 in Armour
  7793 | D:7      | Reached skill level 4 in Shields
  7793 | D:7      | Reached skill level 4 in Unarmed Combat
  7793 | D:7      | Reached skill level 4 in Evocations
  7879 | D:7      | Noticed a brown ugly thing
  7899 | D:7      | Killed a brown ugly thing
  7900 | D:7      | Reached skill level 6 in Stealth
  7900 | D:7      | Reached skill level 8 in Conjurations
  8193 | D:7      | Found Utyant's Serpentskin Sales.
  8208 | D:7      | Reached skill level 5 in Invocations
  8324 | D:7      | Bought a +2 cloak of poison resistance for 185 gold pieces
  8329 | D:7      | Bought 6 curare-tipped darts for 36 gold pieces
  8846 | D:7      | Found a sacrificial altar of Ru.
  9196 | D:8      | Reached skill level 7 in Spellcasting
  9233 | D:8      | Found a runed translucent door.
  9365 | D:8      | Found a runed translucent door.
  9526 | D:8      | Reached skill level 4 in Hexes
  9526 | D:8      | Reached skill level 4 in Summonings
  9526 | D:8      | Reached skill level 4 in Necromancy
  9526 | D:8      | Reached skill level 4 in Translocations
  9526 | D:8      | Reached skill level 4 in Transmutations
  9526 | D:8      | Reached skill level 4 in Fire Magic
  9526 | D:8      | Reached skill level 4 in Ice Magic
  9526 | D:8      | Reached skill level 4 in Air Magic
  9526 | D:8      | Reached skill level 4 in Earth Magic
  9526 | D:8      | Reached skill level 4 in Poison Magic
  9526 | D:8      | Reached XP level 10. HP: 54/74 MP: 16/21
  9784 | D:8      | Reached skill level 5 in Fighting
  9784 | D:8      | Reached skill level 5 in Short Blades
  9784 | D:8      | Reached skill level 5 in Long Blades
  9784 | D:8      | Reached skill level 5 in Axes
  9784 | D:8      | Reached skill level 5 in Maces & Flails
  9784 | D:8      | Reached skill level 5 in Polearms
  9784 | D:8      | Reached skill level 5 in Staves
  9784 | D:8      | Reached skill level 5 in Slings
  9784 | D:8      | Reached skill level 5 in Bows
  9784 | D:8      | Reached skill level 5 in Crossbows
  9784 | D:8      | Reached skill level 5 in Throwing
  9784 | D:8      | Reached skill level 5 in Armour
  9784 | D:8      | Reached skill level 5 in Shields
  9784 | D:8      | Reached skill level 5 in Unarmed Combat
  9784 | D:8      | Reached skill level 5 in Evocations
 10114 | D:8      | Reached skill level 7 in Dodging
 10656 | D:8      | Found a staircase to the Lair.
 11067 | D:8      | Noticed a two-headed ogre
 11077 | D:8      | Reached skill level 6 in Invocations
 11078 | D:8      | Reached skill level 7 in Stealth
 11081 | D:8      | Killed a two-headed ogre
 11307 | D:8      | Identified the +1 scale mail of Awe {rN+++ Str+5 Dex-5}
 11307 | D:8      | Noticed a skeletal warrior
 11323 | D:8      | Slain by a skeletal warrior

Vanquished Creatures
  A two-headed ogre (D:8)
  An ugly thing (D:7)
  Sigmund (D:4)
  8 yaks (D:8)
  2 wyverns
  4 water moccasins (D:7)
  An orc warrior (D:8)
  A sky beast (D:7)
  An ice beast (D:8)
  A necrophage (D:7)
  3 ogres
  2 phantoms
  3 kobold brigands
  5 bullfrogs
  6 scorpions
  A wyvern zombie (D:7)
  A water moccasin skeleton (D:5)
  6 killer bees (D:8)
  5 wights (D:8)
  A jelly (D:5)
  3 hounds
  A gnoll shaman (D:8)
  Natasha (twice) (D:4)
  Terence (D:3)
  An iguana (D:4)
  9 orc wizards
  A hound zombie (D:5)
  A howler monkey zombie (D:8)
  11 gnolls
  9 adders
  A white imp (D:6)
  An ufetubus (D:4)
  An adder zombie (D:5)
  4 worms
  2 dart slugs
  28 orcs
  8 ball pythons
  8 bats
  7 endoplasms
  3 giant cockroaches
  4 goblins
  8 hobgoblins
  6 jackals
  3 quokkas
  3 frilled lizards
  16 kobolds
  5 rats
201 creatures vanquished.

Vanquished Creatures (others)
  21 fungi (D:8)
  14 plants (D:8)
35 creatures vanquished.

Grand Total: 236 creatures vanquished
